 Dungeon Crawl Stone Soup version 0.24.1 (webtiles) character file.

Game seed: 5792477729180931067, levelgen mode: deterministic

336 Descartes the Skirmisher (level 6, -2/51 HPs)
             Began as a Formicid Abyssal Knight on Apr 2, 2020.
             Was a Priest of Lugonu.
             Killed from afar by a steam dragon (10 damage)
             ... with a ball of steam
             ... on level 4 of the Dungeon.
             The game lasted 00:10:54 (3029 turns).

Descartes the Skirmisher (Formicid Abyssal Knight)  Turns: 3029, Time: 00:10:54

Health: -2/51      AC:  9    Str: 22    XL:     6   Next: 84%
Magic:  8/8        EV:  8    Int: 11    God:    Lugonu [***...]
Gold:   56         SH:  0    Dex: 12    Spells: 5/5 levels left

rFire    . . .     SeeInvis +   a - +1 hand axe
rCold    . . .     Gourm    .   (no shield)
rNeg     . . .     Faith    .   r - +0 chain mail
rPois    .         Spirit   .   (helmet unavailable)
rElec    .         Reflect  .   (no cloak)
rCorr    .         Harm     .   (no gloves)
MR       .....                  (no boots)
Stlth    ..........             (no amulet)
HPRegen  0.17/turn              j - +5 ring of strength
MPRegen  0.11/turn              (no ring)

@: no status effects
A: permanent stasis, dig shafts and tunnels, four strong arms, antennae 3
a: Dig, Shaft Self, Depart the Abyss, Bend Space, Banish, Renounce Religion


You were on level 4 of the Dungeon.
You worshipped Lugonu.
Lugonu was most pleased with you.
You were hungry.

You visited 1 branch of the dungeon, and saw 4 of its levels.
You visited the Abyss 1 time.

You collected 82 gold pieces.
You spent 26 gold pieces at shops.

Inventory:

Hand Weapons
 a - a +1 hand axe (weapon)
Missiles
 d - 71 arrows
 g - 128 stones (quivered)
 q - 6 javelins
 t - 4 boomerangs
 w - 24 sling bullets
 z - 2 atropa-tipped darts
Armour
 r - a +0 chain mail (worn)
Jewellery
 j - a +5 ring of strength (left hand)
 y - a +2 ring of strength
Scrolls
 e - a scroll of blinking {unknown}
 h - 4 scrolls of teleportation {unknown}
 k - a scroll of remove curse {unknown}
 l - 2 scrolls of enchant armour {unknown}
 n - 2 scrolls of amnesia {unknown}
 o - a scroll of magic mapping {unknown}
 p - 2 scrolls of immolation {unknown}
 s - a scroll of fog {unknown}
Potions
 m - 2 potions of flight
 u - a potion of heal wounds
 v - a potion of curing {unknown}
 x - a potion of invisibility {unknown}
Comestibles
 c - 6 rations
 A - 4 chunks of flesh


   Skills:
 + Level 5.0 Fighting
 + Level 3.8 Axes
 + Level 3.7 Armour
 - Level 1.9 Dodging
 - Level 0.2 Stealth
 + Level 3.5 Invocations


You had 5 spell levels left.
You didn't know any spells.
Your spell library was empty.

Dungeon Overview and Level Annotations

Branches:
Dungeon (4/15)             Temple (0/1) D:4

Altars:
Dithmenos
Gozag
Nemelex Xobeh
Trog

Shops:
D:4 ?[[[(


Innate Abilities, Weirdness & Mutations

You cannot be hasted, slowed, berserked, paralysed or teleported.
You can dig through walls and to a lower floor.
Your four strong arms can wield two-handed weapons with a shield.
You have a pair of large antennae on your head. (SInv)


Message History

The steam dragon bites you!
The steam dragon claws you but does no damage.
You extend your mandibles.
You dig through the rock wall.
You retract your mandibles.
You barely miss the steam dragon.
The steam dragon is severely wounded.
The steam dragon bites you. The steam dragon claws you.
* * * LOW HITPOINT WARNING * * *
The steam dragon barely misses you.
The steam dragon claws you but does no damage.
You hit the steam dragon.
The steam dragon is almost dead.
The steam dragon bites you!
* * * LOW HITPOINT WARNING * * *
The steam dragon barely misses you.
You hit the steam dragon but do no damage.
The steam dragon is almost dead.
The steam dragon breathes steam at you. The ball of steam hits you!
You die...

#.....#...##{ { . #.....#...+
#.##.....##.#################
#.........D......>#.#..##.#..
#.##...................#.###)
.. #.....∩.####<..####..## ##
. #.......#.###.## #.#.###.
####.###†#D##.# #.##.#.#
#.####@###.# #.###.##
#....##....#####># #.#
####.............# #.#
####.########## #.## #.# #...
#∩# #.## #.# #.##
#.####.############...
#....................#


You could see a steam dragon.

Vanquished Creatures
  An ogre (D:4)
  A quasit (D:2)
  An orc wizard (D:4)
  Terence (D:2)
  Robin (D:2)
  A gnoll (D:1)
  4 adders
  3 worms (D:3)
  4 leopard geckos
  5 orcs (D:4)
  7 giant cockroaches
  15 goblins
  10 hobgoblins
  11 jackals
  4 kobolds (D:1)
  2 quokkas (D:3)
  2 ball pythons
  10 bats
  3 frilled lizards (D:1)
  A jackal skeleton (D:4)
  6 rats
93 creatures vanquished.

Notes
Turn   | Place    | Note
-------+----------+-------------------------------------------
     0 | Abyss:1  | Descartes the Formicid Abyssal Knight began the quest for
                  | the Orb.
     0 | Abyss:1  | Reached XP level 1. HP: 18/18 MP: 2/2
    45 | D:1      | Escaped the Abyss
   176 | D:1      | Reached XP level 2. HP: 23/24 MP: 3/3
   320 | D:1      | Reached ** piety under Lugonu
   320 | D:1      | Reached skill level 1 in Dodging
   320 | D:1      | Reached XP level 3. HP: 28/30 MP: 4/4
   752 | D:2      | Reached skill level 4 in Fighting
   752 | D:2      | Reached XP level 4. HP: 23/37 MP: 5/5
   805 | D:2      | Noticed Terence
   820 | D:2      | Killed Terence
  1309 | D:2      | Reached XP level 5. HP: 26/43 MP: 6/6
  1407 | D:2      | Noticed Robin
  1418 | D:2      | Killed Robin
  1916 | D:3      | Found a sparkling altar of Nemelex Xobeh.
  1916 | D:3      | Found an opulent altar of Gozag.
  2055 | D:3      | Reached *** piety under Lugonu
  2086 | D:3      | Reached XP level 6. HP: 46/49 MP: 8/8
  2360 | D:3      | Found a shadowy altar of Dithmenos.
  2620 | D:4      | Found a staircase to the Ecumenical Temple.
  2633 | D:4      | Noticed an ogre
  2638 | D:4      | Killed an ogre
  2645 | D:4      | Found Cyampoj's Weapon Boutique.
  2683 | D:4      | Found Fusyer's Armour Shoppe.
  2694 | D:4      | Found Ruotrol's Armour Shoppe.
  2719 | D:4      | Found Ejiohaet's Magic Scroll Boutique.
  2730 | D:4      | Bought a scroll of identify for 26 gold pieces
  2785 | D:4      | Found Eceuwiut's Armour Boutique.
  2850 | D:4      | Reached skill level 5 in Fighting
  2922 | D:4      | Found a bloodstained altar of Trog.
  2995 | D:4      | Noticed a steam dragon
  3029 | D:4      | Killed from afar by a steam dragon

Levels and vault maps discovered:
D:1:      wheals_arrival_shading, layout_loops_ring, minmay_small_reverse_x
D:2:      layout_loops_cross, first_ration, ebering_dispersal_statue_hall,
          palyth_stone_intersect, kennysheep_generic_room_11, uniq_terence,
          uniq_robin
D:3:      layout_basic, grunt_temple_overflow_opulence,
          grunt_dithmenos_smoke_and_mirrors
D:4:      minmay_razor_zed, layout_loops_ring, lightli_temple_of_fire,
          serial_shops, shop, shop, shop, shop_fountains, shop,
          small_statue_intersection

Skill      XL: |  1  2  3  4  5  6 |
---------------+-------------------+-----
Dodging        | 1 |  1.9
Fighting       | 4 5 |  5.0
Axes           | 3 |  3.8
Armour         | 3 |  3.7
Invocations    | 3 |  3.5
Stealth        | |  0.2

Action                   |  1- 3 |  4- 6 || total
-------------------------+-------+-------++-------
Melee: Hand axe          |    89 |   236 ||   325
 Abil: Dig               |       |     4 ||     4
  Use: Scroll            |       |     3 ||     3
       Potion            |       |     1 ||     1
 Stab: Sleeping          |     1 |       ||     1
  Eat: Chunk             |       |     7 ||     7
Armor: Leather armour    |    29 |     2 ||    31
       Chain mail        |       |   177 ||   177
Dodge: Dodged            |    70 |   121 ||   191
